Unix xNetHack Version 7.1.0 - last build Jul 19 2022 04:02:08 (a8c4666137c2c631a57c77f6261166d76d9e3895). Game began 2022-07-19 12:29:42, ended 2022-07-20 08:16:34. Raisse, neutral female gnomish Wizard ------ ------------- ---------- |....| #.......[....| |.........| |....| #|......)....| |.......<.| |....| #|.......[...| |.........-# |...%-# #|...........| |.........|# -.----# #----------.-- -----------# # ## ### # #* 0 # # ## % #0 *####0# ################## ## # # #*##### #-------- ################# # # ###### #|.....(| ############----.--# # #-..-. #|...TG.| # ## |.....|# -|------- #|...|* #|......| ---.----- ##|.....|# |...^...| #.....######.......| +.......| #|....%|# |.-.-{-.| ##|.... #|.......######|.......| ##-.....|# #-.......| ##-....* ##|......| #........+ #|.....-# |.-.-.-.| ##.....##### -------- |.......| #------- # |.......| #....| |.......| --------- ##..0-- --------- *## Raisse the Magician St:25 Dx:13 Co:17 In:16 Wi:13 Ch:12 Neutral Dlvl:12 $:193 HP:0(78) Pw:4(93) AC:-3 Xp:10/9823 T:17825 Latest messages: The troll pursues you! You climb up the stairs. The couatl just misses! The couatl bites! The troll claws you! The troll claws you! The troll bites! You see here an uncursed paper bag called heavy 1 containing 46 items. What do you want to write with? [- aowEFQRZ or ?*] E You engrave in the floor with an uncursed athame named Magicbane (weapon in hand) {10}. What do you want to engrave in the floor here? Elbereth Are you waiting to get hit? What do you want to write with? [- aowEFQRZ or ?*] E Do you want to add to the current engraving? [ynq] (y) n You will overwrite the current message. You engrave in the floor with an uncursed athame named Magicbane (weapon in hand) {10}. What do you want to engrave in the floor here? Elbereth The troll turns to flee. Are you waiting to get hit? Are you waiting to get hit? Are you waiting to get hit? Are you waiting to get hit? Are you waiting to get hit? Are you waiting to get hit? Your pair of mithril gauntlets of power blocks the couatl's attack. The couatl bites! You lacerate the couatl! The couatl bites! The couatl bites! The couatl swings itself around you! You kill the couatl! g - a potion of speed {20}. Something is engraved here on the floor. You read: "Elbereth". You see here an uncursed paper bag called heavy 1 containing 46 items. In what direction? h The spell hits the troll. You feel like a hypocrite. The engraving beneath you fades. In what direction? h The spell misses the troll. In what direction? h The spell misses the troll. You rend the troll! You hit the troll! The troll hits! The troll claws you! You die... Do you want your possessions identified? [ynq] (y) y Do you want to see your attributes? [ynq] (y) q Major events: Turn 1: Raisse the neutral female gnomish Wizard entered the dungeon 774: entered the Gnomish Mines 797: attained the rank of Conjurer (level 3) 1237: reached Mine Town 2306: bestowed with Magicbane by Thoth 4471: attained the rank of Thaumaturge (level 6) 5207: found Trollsbane in a shop 6406: entered Sokoban 6897: completed sokoban 1 7684: completed sokoban 2 8132: completed sokoban 3 9322: completed sokoban 4 9736: acquired the Sokoban amulet of reflection 12624: attained the rank of Magician (level 10) 12691: acquired the Mines' End luckstone 17657: entered the Bigroom 17825: killed by a troll Inventory: Inventory: 652/1000 weight (46/52 slots) Coins $ - 193 gold pieces {2} Amulets h - an uncursed silver amulet of reflection (being worn) {25} Weapons a - an uncursed +0 silver elven dagger (alternate weapon; not wielded) {10} w - an uncursed +0 mithril elven dagger {5} E - the uncursed +0 Magicbane (weapon in hand) {10} Q - an uncursed +0 stone orcish dagger (at the ready) {8} R - 2 uncursed +0 darts {2} Armor A - a blessed +1 wooden banded mail (being worn) {99} B - an uncursed +1 pair of high boots (being worn) {15} C - an uncursed burnt +0 cloak of magic resistance (being worn) {8} G - an uncursed +0 pair of mithril gauntlets of power (being worn) {14} H - an uncursed +0 copper elven helm (being worn) {13} V - an uncursed +0 cloak of displacement {10} Comestibles e - 2 uncursed food rations {40} j - 2 uncursed lizard corpses {20} l - an uncursed orange {2} L - an uncursed lizard corpse named the Lizard of Yendor {10} P - an uncursed clove of garlic {1} T - 6 uncursed tripe rations {60} U - an uncursed lump of royal jelly {2} Scrolls b - a blessed scroll of light {5} c - an uncursed scroll of fire {5} d - an uncursed scroll of gold detection {5} f - a cursed scroll of enchant weapon {5} t - a blessed scroll of create monster {5} y - 4 uncursed scrolls of blank paper {20} z - a blessed scroll of blank paper {5} D - an uncursed scroll of create monster {5} J - an uncursed scroll of enchant weapon {5} N - an uncursed scroll of light {5} O - a blessed scroll of destroy armor {5} S - an uncursed scroll of genocide {5} W - 4 uncursed scrolls of teleportation {20} X - 3 uncursed scrolls of identify {15} Y - 2 cursed scrolls of confuse monster {10} Potions g - an uncursed indestructible potion of speed {20} k - an uncursed potion of booze {20} p - an uncursed potion of water {20} M - an uncursed potion of gain ability {20} Wands o - an uncursed wand of striking (0:2) {7} F - an uncursed wand of magic missile (0:3) {7} Tools n - an uncursed stethoscope {4} q - an uncursed skeleton key {3} u - an uncursed +0 unicorn horn {20} v - an empty uncursed sack {15} K - an uncursed lantern {30} Gems/Stones Z - an uncursed luckstone {10} Raisse the Wizard's attributes: Background: You were a Magician, a level 10 female gnomish Wizard. You were neutral, on a mission for Thoth who was opposed by Ptah (lawful) and Anhur (chaotic). You were bisexual. You were in the Dungeons of Doom, on level 12. You entered the dungeon 17825 turns ago. You had 9823 experience points, 177 more were needed to attain level 11. Basics: You had 0 out of 78 hit points. You had 4 out of 93 energy points (spell power). Your armor class was -3. Your wallet contained 193 zorkmids. Autopickup was on for '$!?/"=+' plus thrown, with exceptions. Final Characteristics: Your strength was 25 (base:14, innate limit:18/50). Your dexterity was 13 (limit:18). Your constitution was 17 (limit:18). Your intelligence was 16 (limit:19). Your wisdom was 13 (limit:18). Your charisma was 12 (limit:18). Final Status: You were not hungry. You were unencumbered. You were wielding a dagger. You had expert skill with dagger. Final Attributes: You were piously aligned. You were magic-protected. You were sleep resistant. You were shock resistant. You were poison resistant. You were telepathic. You had infravision. You were warded. You were fast. You had reflection. You were lucky. You had extra luck. Bad luck did not time out for you. Good luck did not time out for you. You are dead. Miscellaneous: You never encountered a bones level. Total elapsed playing time was 3 hours, 6 minutes and 12 seconds. Vanquished creatures: 2 vampires 3 queen bees 2 giant mimics an elven monarch 2 wumpuses 4 couatls 3 elf-nobles a xorn 3 wargs 6 small mimics a warhorse an ettin mummy an ogre leader a quantum mechanic 3 gelatinous cubes 2 pyrolisks a flaming sphere 2 tigers an ochre jelly a Grey-elf a pit viper a carnivorous ape 2 leather golems 4 watchmen an amorous demon a chameleon 6 giant beetles 2 cockatrices 3 wolves 2 winter wolf cubs 2 lynxes 2 panthers 2 spotted jellies 6 leprechauns 2 iron piercers a giant spider 2 horses a vampire bat a dwarf mummy 2 Green-elves 2 rust monsters 2 owlbears 8 lizards 2 chickatrices 4 dingoes a housecat a jaguar a water nymph a white unicorn a dust vortex a raven a plains centaur a gnome mummy 4 Woodland-elves a snake an ape 2 human zombies a fire ant 3 imps 4 quasits 2 wood nymphs 8 bugbears a Mordor orc 4 rock piercers 3 rock moles a pony 4 yellow lights a shrieker a gnome leader 2 gnomish wizards 5 kobold mummies 5 gray oozes 4 elf zombies a straw golem 5 paper golems 3 giant ants 2 little dogs 9 floating eyes 3 dwarves 5 homunculi a kobold leader 3 kobold shamans 6 hill orcs 8 rothes 3 centipedes 2 giant bats 3 orc zombies 5 dwarf zombies a wererat 9 iguanas 13 killer bees an acid blob 2 coyotes 3 gas spores 5 hobbits 2 large kobolds 5 hobgoblins 6 giant rats 2 cave spiders a brown mold 2 yellow molds a red mold 9 gnomes 4 garter snakes 2 gnome zombies 7 geckos 6 jackals a fox 4 kobolds 2 goblins 2 sewer rats 8 grid bugs 3 bats 5 lichens 2 kobold zombies 8 newts 343 creatures vanquished. No species were genocided or became extinct. Voluntary challenges: You read items or engraved 28 times. You never genocided any monsters. You never polymorphed an object. You never changed form. You used no wishes. You were celibate. You never generated conflict. You did not violate any of the special Sokoban rules. Achievements: You entered the Gnomish Mines. You attained the rank of Conjurer. You entered Minetown. You entered a shop. You entered a temple. You attained the rank of Thaumaturge. You entered Sokoban. You completed Sokoban. You attained the rank of Magician. You completed the Gnomish Mines. You entered the Big Room. The Dungeons of Doom: levels 1 to 13 Level 1: Level 2: "spb" Stairs down to The Gnomish Mines. Level 3: Level 4: An armor shop, an altar to Thoth. Level 5: A weapon shop, an altar to Thoth, a fountain. Level 6: An altar, some fountains. Level 7: Many fountains, many trees. Oracle of Delphi. Level 8: Stairs up to Sokoban, level 7. Level 9: "spb" A fountain. Level 10: A fountain. Level 11: Some fountains. Level 12: <- You were here. A sink. Final resting place for you, killed by a troll. Level 13: A very big room. Summoned by Neferet the Green. The Gnomish Mines: levels 3 to 10 Level 3: Level 4: Level 5: Many shops, a temple to Thoth, some fountains. Level 6: Level 7: Level 8: Level 9: Level 10: Some fountains. Sokoban: levels 7 up to 4 Level 4: Solved. Level 5: Solved. Level 6: Solved. Level 7: Solved. Game over: __________ / \ / REST \ / IN \ / PEACE \ / \ | Raisse | | 193 Au | | killed by a | | troll | | | | | | 2022 | *| * * * | * _________)/\\_//(\/(/\)/\//\/|_)_______ Goodbye Raisse the Wizard... You died in The Dungeons of Doom on dungeon level 12 with 40116 points, and 193 pieces of gold, after 17825 moves. You were level 10 with a maximum of 78 hit points when you died.